 Dungeon Crawl Stone Soup version 0.31-a0-210-gccc998df9b (webtiles) character file.

Game seed: 12486559153888089858

257 qw the Shooter (level 5, -5/45 HPs)
             Began as a Minotaur Hexslinger on June 29, 2023.
             Was an Initiate of Okawaru.
             Succumbed to a water moccasin's poison
             ... on level 4 of the Dungeon.
             The game lasted 00:01:04 (3479 turns).

qw the Shooter (Minotaur Hexslinger)                Turns: 3479, Time: 00:01:05

Health: -5/45      AC:  4    Str: 13    XL:     5   Next: 93%
Magic:  5/5        EV: 12    Int: 10    God:    Okawaru [......]
Gold:   274        SH:  0    Dex: 14    Spells: 5/6 levels left

rFire   . . .        h - +0 sling (heavy)
rCold   . . .        (no shield)
rNeg    . . .        k - +2 robe {Will+}
rPois   .            (helmet unavailable)
rElec   .            (no cloak)
rCorr   .            (no gloves)
SInv    .            (no boots)
Will    +....        (no amulet)
Stlth   +            (no ring)
HPRegen 0.27/turn    (no ring)
MPRegen 0.09/turn

%: no passive effects
@: lethally poisoned (-5 -> -46)
A: horns 3, retaliatory headbutt
a: Renounce Religion


You were on level 4 of the Dungeon.
You worshipped Okawaru.
Okawaru was noncommittal.
You visited 2 branches of the dungeon, and saw 6 of its levels.

You collected 274 gold pieces.


Innate Abilities, Weirdness & Mutations

You have a pair of large horns on your head.
You reflexively headbutt those who attack you in melee.


   Skills:
 + Level 3.5 Fighting
 - Level 6.0 Ranged Weapons
 - Level 1.0 Armour
 - Level 2.1 Dodging
 - Level 1.0 Spellcasting
 - Level 2.0 Hexes


You had 5 spell levels left.
You knew the following spells:

 Your Spells              Type           Power      Damage    Failure   Level
a - Slow                  Hex            16%        N/A       16%         1

Your spell library contained the following spells:

 Spells                   Type           Power      Damage    Failure   Level
 Inner Flame              Hex/Fire       2%         N/A       56%         3
 Portal Projectile        Hex/Tloc       4%         N/A       56%         3
 Cause Fear               Hex            2%         N/A       83%         4

Inventory:

Hand Weapons
 h - a +0 heavy sling (weapon)
Armour
 k - a +2 robe of willpower (worn)
Scrolls
 b - a scroll of identify
Potions
 c - 2 potions of curing
 d - a potion of invisibility {unknown}
 g - a potion of enlightenment {unknown}
 i - a potion of berserk rage {unknown}
 j - a potion of brilliance {unknown}

Dungeon Overview and Level Annotations

Branches:
Dungeon (5/15)             Temple (1/1) D:4

Altars:
Dithmenos
Fedhas
Hepliaklqana
Kikubaaqudgha
Makhleb
Okawaru
Ru
Sif Muna
Trog
Uskayaw
Wu Jian
Zin

Shops:
D:2 =   D:4 *

Annotations:
D:4 1 runed translucent door, qw's ghost, amateur DEHu


Message History

You are lethally poisoned!
The water moccasin poisons you!
The jackal bites you but does no damage.
The jelly hits you but does no damage. The water moccasin barely misses you.
You furiously retaliate!
You headbutt the water moccasin! The jackal closely misses you.
The jelly misses you. You furiously retaliate!
You headbutt the jelly, but do no damage.
You shoot a sling bullet.
The sling bullet misses the water moccasin.
You feel extremely sick. The water moccasin barely misses you.
The jackal bites you but does no damage.
The water moccasin bites you.
You are more poisoned.
The water moccasin poisons you! The jackal misses you.
The jelly hits you but does no damage. The water moccasin bites you.
The jackal bites you.
3477 ||| DRINKING potion of heal wounds.
You feel much better.
You feel very sick. The jelly hits you.
You are splashed with acid!
The water moccasin closely misses you.
The jackal bites you but does no damage.
You shoot a sling bullet.
The sling bullet hits the water moccasin but does no damage.
The water moccasin is severely wounded.
You feel extremely sick. The water moccasin barely misses you.
The jackal bites you but does no damage.
The jelly hits you but does no damage. The water moccasin bites you.
You are more poisoned.
The water moccasin poisons you!
The jackal bites you but does no damage.
The jelly barely misses you. You furiously retaliate!
You headbutt the jelly. The water moccasin bites you.
You are more poisoned.
The water moccasin poisons you!
You shoot a sling bullet.
The sling bullet completely misses the water moccasin.
You die...

#############.###....##....
#....................######
#.....................#
#.....................#
#...................%.#
#..<.................######
############..##....###....##....
#......#####..##.h..###....##<...
#....#.........+@.....#.....#....
#....#.........#JS....+.....#....
#....#.###....##..######...##....
######.###....##..##.###...##....
.......................#...##....
.......................#....'....
..............^........#....#....
..##...##.....##..###.###).##....
####...##.....##..#######..##....


You could see a water moccasin, a jelly and a jackal.

Vanquished Creatures
  Blork the orc (D:4)
  A howler monkey (D:4)
  A hound (D:4)
  An orc wizard (D:4)
  3 adders
  An ufetubus (D:4)
  A worm (D:2)
  A dart slug (D:2)
  4 orcs (D:4)
  7 ball pythons
  An endoplasm (D:3)
  A giant cockroach (D:3)
  4 goblins
  4 hobgoblins
  4 jackals
  9 kobolds
  2 quokkas
  3 bats (D:1)
  5 frilled lizards
  3 rats
57 creatures vanquished.

Notes
Turn   | Place    | Note
-------+----------+-------------------------------------------
     0 | D:1      | qw the Minotaur Hexslinger began the quest for the Orb.
     0 | D:1      | Reached XP level 1. HP: 16/16 MP: 1/1
     0 | D:1      | 0 ||| qw: Version: 0.3-a-24-g62f9e04
     0 | D:1      | 0 ||| qw: Game counter: 6662
     0 | D:1      | 0 ||| qw: Melee chars always use a shield: true
     0 | D:1      | 0 ||| qw: God list: Okawaru
     0 | D:1      | 0 ||| qw: Allow faded altars: false
     0 | D:1      | 0 ||| qw: Do Orc after clearing Dungeon:15 true
     0 | D:1      | 0 ||| qw: Do second Lair branch before Depths: true
     0 | D:1      | 0 ||| qw: Lair rune preference: random
     0 | D:1      | 0 ||| qw: Goals: Normal
     0 | D:1      | 0 ||| PLANNING D:1-11
   262 | D:1      | Reached skill level 3 in Ranged Weapons
   266 | D:1      | Reached XP level 2. HP: 23/23 MP: 2/2
   349 | D:1      | 349 ||| SWAPPING to +0 heavy sling.
   350 | D:1      | 350 ||| DROPPING +1 sling.
   780 | D:1      | 780 ||| UPGRADING to +0 leather armour.
   790 | D:1      | 790 ||| DROPPING +0 robe.
   791 | D:1      | 791 ||| UPGRADING to +0 ring mail.
   801 | D:1      | 801 ||| DROPPING +0 leather armour.
   802 | D:1      | 802 ||| UPGRADING to amulet of guardian spirit.
   807 | D:1      | 807 ||| DROPPING ring of magical power.
   808 | D:1      | 808 ||| READING scroll labelled YMPUIQ DASIDIR.
   809 | D:1      | 809 ||| READING scroll labelled IHEIT ATIEHU.
   810 | D:1      | 810 ||| DRINKING 2 purple potions.
   811 | D:1      | 811 ||| DRINKING 2 bubbling dark potions.
   811 | D:1      | Gained mutation: Your muscles are strong. (Str +4, Int/Dex
                  | -1) [potion of mutation]
   811 | D:1      | Gained mutation: You have sharp fingernails. [potion of
                  | mutation]
   811 | D:1      | Gained mutation: You occasionally lose the ability to drink
                  | potions when taking damage. [potion of mutation]
   812 | D:1      | 812 ||| DRINKING potion of mutation.
   812 | D:1      | Lost mutation: You occasionally lose the ability to drink
                  | potions when taking damage. [potion of mutation]
   812 | D:1      | Lost mutation: You have sharp fingernails. [potion of
                  | mutation]
   812 | D:1      | Lost mutation: Your muscles are strong. (Str +4, Int/Dex
                  | -1) [potion of mutation]
   812 | D:1      | Gained mutation: You have a pair of large horns on your
                  | head. [potion of mutation]
   812 | D:1      | Gained mutation: You occasionally lose the ability to drink
                  | potions when taking damage. [potion of mutation]
   812 | D:1      | Gained mutation: Armour fits poorly on your strangely
                  | shaped body. [potion of mutation]
   813 | D:1      | 813 ||| DROPPING scroll of poison.
   814 | D:1      | 814 ||| DROPPING potion of degeneration.
   894 | D:2      | Reached XP level 3. HP: 29/29 MP: 3/3
   956 | D:2      | Reached skill level 4 in Ranged Weapons
  1233 | D:2      | Found Moiv's Jewellery Boutique.
  1236 | D:2      | 1236 ||| SHOPLISTING +4 ring of protection (432 gold, have
                  | 94).
  1236 | D:2      | 1236 ||| SHOPLISTING +6 ring of strength (432 gold, have
                  | 94).
  1236 | D:2      | 1236 ||| SHOPLISTING amulet of the acrobat (360 gold, have
                  | 94).
  1236 | D:2      | 1236 ||| SHOPLISTING ring of resist corrosion (240 gold,
                  | have 94).
  1236 | D:2      | 1236 ||| SHOPLISTING ring of willpower (300 gold, have 94).
  1476 | D:2      | Found a faded altar of an unknown god.
  1506 | D:2      | Reached skill level 1 in Armour
  1546 | D:2      | 1546 ||| READING scroll labelled JEITICANEDA.
  1547 | D:2      | 1547 ||| READING scroll labelled HAZENN VIUQAL.
  1548 | D:2      | 1548 ||| READING scroll labelled MASMEF AMOE.
  2129 | D:3      | 2129 ||| READING scroll labelled SISEZA JEURA.
  2130 | D:3      | 2130 ||| DRINKING 2 fuming clear potions.
  2163 | D:4      | 2163 ||| STAIRDANCE
  2218 | D:4      | Reached XP level 4. HP: 31/36 MP: 1/4
  2222 | D:4      | HP: 9/36 [orc/+0 short sword (3)]
  2223 | D:4      | HP: 4/36 [orc/+0 short sword (4)]
  2352 | D:4      | Found a staircase to the Ecumenical Temple.
  2353 | D:4      | 2353 ||| PLANNING TEMPLE
  2361 | Temple   | Entered the Ecumenical Temple
  2370 | Temple   | 2370 ||| PLANNING OKAWARU WORSHIP
  2413 | Temple   | Became a worshipper of Warmaster Okawaru
  2414 | Temple   | 2414 ||| PLANNING D:1-11
  2414 | Temple   | 2414 ||| REMOVING amulet of guardian spirit.
  2419 | Temple   | 2419 ||| DROPPING amulet of guardian spirit.
  2439 | D:4      | Found an ancient bone altar of Kikubaaqudgha.
  2464 | D:4      | Reached skill level 5 in Ranged Weapons
  2531 | D:4      | Found Etisec's Overcharged Wands.
  2671 | D:4      | Found a runed translucent door.
  2671 | D:4      | Noticed qw's ghost (amateur DEHu)
  2838 | D:4      | Reached XP level 5. HP: 31/42 MP: 5/5
  2996 | D:4      | 2996 ||| DRINKING potion of mutation.
  2996 | D:4      | Lost mutation: You occasionally lose the ability to drink
                  | potions when taking damage. [potion of mutation]
  2996 | D:4      | Lost mutation: Armour fits poorly on your strangely shaped
                  | body. [potion of mutation]
  2996 | D:4      | Gained mutation: You are agile. (Dex +4, Str/Int -1)
                  | [potion of mutation]
  2996 | D:4      | Lost mutation: You are agile. (Dex +4, Str/Int -1) [potion
                  | of mutation]
  3023 | D:4      | Reached skill level 3 in Fighting
  3039 | D:4      | Noticed Blork the orc
  3040 | D:4      | 3040 ||| FLEEEEING.
  3041 | D:4      | 3041 ||| FLEEEEING.
  3042 | D:4      | 3042 ||| FLEEEEING.
  3043 | D:4      | 3043 ||| FLEEEEING.
  3044 | D:4      | 3044 ||| FLEEEEING.
  3045 | D:4      | 3045 ||| FLEEEEING.
  3046 | D:4      | 3046 ||| FLEEEEING.
  3047 | D:4      | 3047 ||| FLEEEEING.
  3048 | D:4      | 3048 ||| FLEEEEING.
  3049 | D:4      | 3049 ||| FLEEEEING.
  3050 | D:4      | 3050 ||| FLEEEEING.
  3051 | D:4      | 3051 ||| FLEEEEING.
  3052 | D:4      | 3052 ||| FLEEEEING.
  3058 | D:4      | HP: 4/45 [Blork the orc/puff of flame (13)]
  3058 | D:4      | Killed Blork the orc
  3059 | D:4      | Reached skill level 6 in Ranged Weapons
  3393 | D:4      | 3393 ||| UPGRADING to +2 robe of willpower.
  3403 | D:4      | 3403 ||| DROPPING +0 ring mail.
  3404 | D:4      | 3404 ||| READING scroll labelled QONAVU UVAUSS.
  3446 | D:4      | 3446 ||| DRINKING 2 emerald potions.
  3468 | D:5      | Entered Level 5 of the Dungeon
  3468 | D:5      | Noticed a water moccasin
  3468 | D:5      | Found a bloodstained altar of Trog.
  3473 | D:5      | 3473 ||| STAIRDANCE
  3476 | D:4      | HP: 11/45 [poisoned by a water moccasin]
  3477 | D:4      | 3477 ||| DRINKING potion of heal wounds.
  3479 | D:4      | Succumbed to a water moccasin's poison

Levels and vault maps discovered:
D:1:      erik_arrival_triangle_medium, layout_basic,
          chequers_serial_rivers_room_a, serial_park_tiny_1,
          minmay_tiny_reverse_x
D:2:      layout_loops_ring, ebering_ecumenical_altar_hall, serial_shops,
          nicolae_shop_behind_doors
D:3:      layout_basic
D:4:      layout_gridville, amcnicky_altar_gilded,
          minmay_temple_entry_mini_moons, hellmonk_ghost_happy_afterlife,
          nicolae_shop_overcharged_wands, uniq_blork_the_orc
D:5:      layout_rooms, trog_butcher_becter, nicolae_overflow_hidden_temple,
          serial_shops, nicolae_shop_bloodbath_and_beyond, sigmund_army
Temple:   eino_wide_crystal_templ

Skill      XL: |  1  2  3  4  5 |
---------------+----------------+-----
Ranged Weapons | 3 4 5 6 |  6.0
Fighting       | 2 3 |  3.5
Armour         | 1 |  1.0
Dodging        | |  2.1
Spellcasting   | |  1.0
Hexes          | |  2.0

Action                     |  1- 3 |  4- 6 || total
---------------------------+-------+-------++-------
   Fire: Sling             |   102 |    60 ||   162
    Use: Potion            |     4 |     3 ||     7
         Scroll            |     6 |     1 ||     7
 Armour: Robe              |     4 |    12 ||    16
         Ring mail         |     5 |    12 ||    17
  Dodge: Dodged            |    35 |    38 ||    73

Table legend:
 A = Non-vault XP
 B = Vault XP
 C = Vault XP percentage of total XP
 D = Non-vault monster count
 E = Vault monster count
 F = Vault count percentage of total count
                 A         B        C        D         E       F
            +---------+---------+-------+---------+---------+-------
      Total |     264 |     104 |  28.3 |      54 |       3 |   5.3
            +---------+---------+-------+---------+---------+-------
        D:1 |      23 |       2 |   8.0 |      16 |       2 |  11.1
        D:2 |      50 |       0 |   0.0 |      13 |       0 |   0.0
        D:3 |      13 |       0 |   0.0 |       7 |       0 |   0.0
        D:4 |     176 |     102 |  36.7 |      17 |       1 |   5.6
        D:5 |       2 |       0 |   0.0 |       1 |       0 |   0.0
            +---------+---------+-------+---------+---------+-------
